Map: Jagannatha LE

Players

Reynor - Winner!

  • Race: Zerg Zerg
  • League: Master
  • Spawn Location: 7:00

LiquidMaNa (MaNa)

  • Race: Protoss Protoss
  • League: Grandmaster
  • Spawn Location: 1:00

Event: DreamHack SC2 Masters 2020 Winter

VOD

Have the link to the VOD?

Description

Time

  • Played on: Oct. 28, 2020, 3:01 p.m.
  • Length: 10:36

All games in this series

Show
View Real Time Build Order
Export as new Build Order

Reynor Zerg - Winner!

Build Orders: Hatch First, Swarm Host 

Get SALT Encoding   

  12  0:00  Drone  
  13  0:12  Overlord  
  13  0:16  Drone  
  14  0:30  Drone x2  
  16  0:46  Drone x2  
  18  0:56  Hatchery  
  17  0:57  Drone  
  18  1:04  Extractor  
  17  1:13  Spawning Pool  
  17  1:16  Drone  
  17  1:19  Drone  
  18  1:27  Drone  
  19  1:38  Drone  
  20  1:48  Overlord  
  20  1:59  Queen  
  22  2:07  Zergling x2  
  22  2:08  Queen, Zergling x2  
  24  2:11  Drone  
  27  2:16  Metabolic Boost  
  27  2:18  Drone  
  28  2:23  Drone  
  28  2:29  Drone  
  30  2:36  Zergling x2  
  31  2:39  Hatchery  
  30  2:47  Overlord  
  30  2:50  Queen  
  32  2:54  Drone x2  
  34  3:02  Drone  
  35  3:06  Drone x2  
  35  3:11  Drone x2  
  35  3:12  Drone x2  
  41  3:15  Overlord  
  41  3:26  Overlord  
  41  3:34  Drone x2  
  43  3:37  Drone  
  43  3:38  Spore Crawler  
  43  3:43  Pneumatized Carapace  
  43  3:44  Queen  
  43  3:45  Drone  
  43  3:48  Drone x2  
  48  3:50  Zergling x4  
  48  3:52  Drone  
  48  3:55  Queen  
  51  3:58  Drone  
  54  4:04  Drone x4  
  54  4:08  Spore Crawler, Zergling x2  
  58  4:13  Spore Crawler  
  58  4:14  Overlord  
  58  4:16  Zergling x2  
  58  4:24  Overlord  
  58  4:35  Drone  
  58  4:36  Drone x8  
  66  4:40  Lair, Roach Warren  
  66  4:42  Drone  
  66  4:44  Drone  
  66  4:45  Drone  
  68  4:51  Queen  
  70  4:53  Overlord  
  70  4:56  Drone x3  
  70  4:58  Drone  
  74  5:01  Extractor, Overlord  
  74  5:02  Extractor  
  74  5:04  Drone x2  
  74  5:07  Evolution Chamber  
  74  5:08  Drone  
  74  5:10  Overlord  
  74  5:13  Drone x3  
  77  5:15  Zergling x4  
  77  5:18  Drone  
  77  5:21  Drone x3  
  83  5:23  Overlord  
  83  5:25  Drone  
  81  5:29  Drone  
  81  5:30  Drone x2  
  81  5:33  Drone  
  81  5:35  Drone  
  83  5:36  Drone  
  84  5:46  Drone x2, Extractor, Zerg Missile Weapons Level 1  
  84  5:47  Drone x3, Extractor x2, Infestation Pit  
  85  5:55  Drone x3  
  88  6:00  Hatchery  
  88  6:01  Hatchery  
  88  6:03  Drone x3  
  90  6:10  Overlord  
  90  6:20  Glial Reconstitution  
  90  6:21  Overlord  
  90  6:24  Overseer  
  90  6:30  Overlord  
  89  6:35  Nydus Network  
  88  6:42  Overlord  
  88  6:47  Swarm Host x6  
  88  6:50  Swarm Host  
  88  6:54  Drone x5, Overlord  
  112  6:55  Swarm Host  
  112  6:59  Swarm Host  
  120  7:02  Overlord  
  120  7:04  Swarm Host  
  119  7:14  Nydus Canal  
  119  7:16  Drone x2  
  119  7:20  Drone x6  
  119  7:21  Extractor  
  119  7:22  Roach x7  
  140  7:23  Extractor  
  140  7:24  Overlord  
  140  7:26  Roach x2  
  143  7:32  Roach  
  143  7:35  Roach x2  
  145  7:39  Roach  
  145  7:42  Roach  
  149  7:44  Overlord  
  149  7:48  Nydus Canal  
  149  7:51  Drone x3  
  149  7:52  Roach x2  
  149  7:54  Zerg Missile Weapons Level 2  
  149  7:56  Roach x2  
  149  7:57  Overlord  
  159  8:00  Spore Crawler  
  159  8:02  Overlord  
  159  8:03  Roach x4  
  159  8:04  Roach  
  159  8:05  Overlord  
  167  8:09  Drone x2  
  167  8:12  Overlord  
  167  8:15  Nydus Canal  
  167  8:16  Ravager x3  
  167  8:18  Roach x2  
  167  8:19  Roach  
  176  8:22  Roach  
  176  8:23  Roach x3  
  176  8:25  Overlord  
  183  8:31  Hatchery  
  183  8:32  Overlord  
  182  8:37  Roach x4  
  182  8:40  Hive  
  190  8:42  Hydralisk Den  
  190  8:44  Nydus Canal  
  190  8:47  Roach x3  
  195  8:51  Roach x2  
  194  8:58  Drone x8  
  196  9:03  Roach  
  196  9:05  Nydus Canal  
  198  9:16  Roach  
  198  9:17  Roach x2  
  198  9:20  Roach  
  195  9:24  Roach x4  
  195  9:29  Roach x2  
  199  9:32  Nydus Canal  
  199  9:35  Roach x2  
  195  9:41  Roach x3  
  199  9:50  Roach x3  
  191  9:53  Roach x6  
  191  9:57  Roach  
  186  10:00  Queen  
  186  10:02  Roach x2  
  186  10:05  Roach x2  
  187  10:11  Roach  
  185  10:17  Roach x2  
  185  10:18  Ravager x2  
  185  10:19  Ravager x4  
  197  10:24  Nydus Canal  
Show
View Real Time Build Order
Export as new Build Order

LiquidMaNa Protoss 

Build Orders: 1 Gate Expand, Oracle Opening, Archon Immortal 

Get SALT Encoding   

  12  0:00  Probe  
  13  0:12  Probe  
  14  0:20  Pylon  
  14  0:24  Probe  
  15  0:38  Probe (Chrono Boost)  
  16  0:44  Gateway  
  16  0:47  Probe (Chrono Boost)  
  17  0:51  Assimilator  
  17  0:52  Probe  
  18  1:04  Probe (Chrono Boost)  
  19  1:15  Probe (Chrono Boost)  
  20  1:27  Nexus  
  20  1:37  Cybernetics Core  
  20  1:40  Probe  
  21  1:48  Assimilator  
  21  1:52  Probe  
  22  1:57  Pylon  
  22  2:04  Probe  
  23  2:12  Adept (Chrono Boost)  
  23  2:14  Warp Gate  
  25  2:16  Probe  
  26  2:27  Stargate  
  26  2:28  Probe  
  27  2:36  Stalker (Chrono Boost)  
  29  2:40  Probe  
  29  2:42  Probe  
  31  2:53  Probe  
  31  2:54  Probe  
  33  3:03  Adept (Chrono Boost)  
  33  3:05  Probe  
  36  3:06  Probe, Void Ray (Chrono Boost)  
  37  3:17  Probe  
  37  3:19  Probe  
  43  3:29  Probe  
  43  3:30  Gateway, Pylon  
  43  3:31  Probe  
  46  3:41  Probe  
  46  3:43  Pylon  
  46  3:48  Probe, Oracle (Chrono Boost)  
  50  3:53  Probe  
  51  4:00  Probe (Chrono Boost)  
  52  4:03  Nexus  
  53  4:11  Probe (Chrono Boost)  
  53  4:12  Probe (Chrono Boost)  
  53  4:14  Assimilator  
  53  4:15  Assimilator  
  54  4:17  Probe (Chrono Boost)  
  54  4:19  Probe (Chrono Boost)  
  54  4:22  Oracle (Chrono Boost)  
  56  4:26  Robotics Facility  
  56  4:29  Pylon  
  59  4:33  Adept  
  59  4:36  Probe  
  62  4:41  Pylon  
  62  4:47  Probe  
  62  4:48  Shield Battery, Twilight Council  
  62  4:50  Probe (Chrono Boost)  
  64  4:58  Forge  
  64  4:59  Probe (Chrono Boost)  
  66  5:07  Adept  
  66  5:08  Probe (Chrono Boost)  
  66  5:09  Probe (Chrono Boost)  
  66  5:14  Probe x2 (Chrono Boost)  
  70  5:17  Observer, Probe  
  70  5:19  Sentry  
  75  5:25  Probe  
  75  5:26  Probe  
  77  5:29  Probe  
  78  5:36  Charge, Immortal (Chrono Boost)  
  78  5:37  Probe  
  78  5:38  Protoss Ground Weapons Level 1 (Chrono Boost), Probe  
  78  5:41  Probe  
  78  5:49  Probe  
  79  5:50  Probe  
  79  5:51  Gateway  
  79  5:53  Gateway  
  79  5:56  Assimilator  
  80  6:01  Assimilator  
  80  6:02  Probe x2  
  82  6:04  Pylon  
  82  6:06  Warp Prism (Chrono Boost)  
  82  6:11  Zealot x2  
  88  6:16  Pylon  
  88  6:17  Pylon  
  88  6:21  Probe x2  
  90  6:34  Probe x2  
  92  6:43  Gateway  
  92  6:44  Gateway  
  92  6:45  Templar Archives  
  92  6:46  Gateway  
  91  6:48  Probe x2  
  91  6:50  Zealot x4  
  100  7:04  Immortal (Chrono Boost)  
  104  7:09  Nexus  
  104  7:15  Zealot x4  
  106  7:22  Shield Battery x2  
  112  7:23  Shield Battery  
  112  7:24  Shield Battery  
  112  7:25  Shield Battery  
  112  7:27  Pylon  
  112  7:38  High Templar x3  
  112  7:39  High Templar  
  112  7:42  Archon  
  112  7:43  Archon  
  112  7:51  Zealot x3  
  114  7:54  Pylon  
  109  8:01  Templar Archives  
  109  8:03  Immortal  
  113  8:11  Zealot x6  
  123  8:15  Photon Cannon  
  117  8:40  High Templar x6  
  129  8:42  Probe x2  
  129  8:44  Immortal (Chrono Boost)  
  135  8:53  Archon  
  135  8:54  Archon  
  135  8:55  Archon, Probe x2  
  128  9:14  Zealot x2  
  131  9:21  Immortal (Chrono Boost)  
  131  9:29  Pylon  
  131  9:30  Pylon x2  
  114  9:51  Zealot x2  
  114  9:52  Warp Prism (Chrono Boost)  
  112  9:56  Gateway  
  112  9:58  Gateway  
  112  9:59  Gateway  
  114  10:02  Gateway  
  114  10:03  Gateway  
  114  10:05  Gateway  
  96  10:17  Zealot x2  
Tags
 
Add a new tag
Caveats
  • Supply blocks, unpowered buildings, or Contaminate may cause inaccurate times.
  • Supply counts are checked every 10 seconds.